 Dungeon Crawl Stone Soup version 0.18.1-48-g4cf74bf (webtiles) character file.

42543 tyranidshit the Reanimator (level 13, -4/124 HPs)
             Began as a Deep Dwarf Necromancer on July 12, 2016.
             Was the Champion of Makhleb.
             Slain by an orc knight
             ... wielding a +1 great sword of draining
              (7 damage)
             ... on level 12 of the Dungeon on July 13, 2016.
             The game lasted 02:41:33 (15892 turns).

tyranidshit the Reanimator (DDNe)                  Turns: 15892, Time: 02:41:34

Health: -4/124     AC: 17    Str: 15    XL:     13   Next: 86%
Magic:  5/22       EV: 14    Int: 26    God:    Makhleb [******]
Gold:   267        SH:  8    Dex: 13    Spells: 6 memorised, 14 levels left

rFire  + . .     SeeInvis .     t - +5 hand axe "Vaylow" {drain, rN+}
rCold  . . .     Gourm    .     O - +2 robe {rN+}
rNeg   + + .     Faith    .     j - +0 buckler
rPois  .         Spirit   .     F - +0 helmet
rElec  .         Dismiss  .     H - +2 cloak
rCorr  .         Reflect  +     m - +2 pair of gloves
SustAt .         Harm     .     z - +2 pair of boots "Elierino" {-Tele Str+2 Int+6}
MR     +....     Clarity  +     u - +3 amulet of reflection
Stlth  ++........ NoTele   +    X - +4 ring of protection
                                S - ring of wizardry

@: non-regenerating, drained, somewhat resistant to hostile enchantments,
unstealthy
A: damage resistance, recharge devices, clarity, deformed body, fire resistance
1, low mp 1, sense surroundings 2, screaming 1, slow regeneration 3, subdued
magic 1
a: Device Recharging, Minor Destruction, Lesser Servant of Makhleb, Major
Destruction, Greater Servant of Makhleb, Renounce Religion


You were on level 12 of the Dungeon.
You worshipped Makhleb.
Makhleb was exalted by your worship.
You were not hungry.

You visited 4 branches of the dungeon, and saw 22 of its levels.

You collected 1985 gold pieces.
You spent 1718 gold pieces at shops.

Inventory:

Hand Weapons
 t - the +5 hand axe "Vaylow" (weapon) {drain, rN+}
   (You found it on level 4 of the Dungeon)

   A truly terrible weapon, it drains the life of those it strikes.
   It protects you from negative energy.
 Q - a +0 blowgun
Missiles
 x - 16 poisoned needles
Armour
 j - a +0 buckler (worn)
 m - a +2 pair of gloves (worn)
 z - the +2 pair of boots "Elierino" (worn) {-Tele Str+2 Int+6}
   (You acquired it on level 2 of the Orcish Mines)

   It affects your strength (+2).
   It affects your intelligence (+6).
   It prevents most forms of teleportation.
 F - a +0 helmet (worn)
 H - a +2 cloak (worn)
 O - a +2 robe of positive energy (worn)
 Z - the +7 chain mail of the Barnacle {Slay+2}
   (You found it on level 6 of the Lair of Beasts)

   It affects your accuracy and damage with ranged weapons and melee attacks
   (+2).
Jewellery
 b - an uncursed amulet of harm
 d - an uncursed ring of protection from magic
 o - an uncursed ring of flight
 u - a +3 amulet of reflection (around neck)
 w - an uncursed ring of magical power
 D - a +4 ring of dexterity
 G - an uncursed ring of resist corrosion
 K - an uncursed amulet of rage
 R - an uncursed ring of poison resistance
 S - a ring of wizardry (left hand)
 X - a +4 ring of protection (right hand)
Wands
 e - a wand of slowing (21/48)
 p - a wand of flame (28/48)
 v - a wand of random effects (15/48)
 y - a wand of disintegration (16/24)
 J - a wand of polymorph (10/24)
 L - a wand of paralysis (11/24)
 M - a wand of heal wounds (0/9)
Scrolls
 c - a scroll of fear
 g - 10 scrolls of remove curse
 q - 2 scrolls of identify
 s - 2 scrolls of teleportation
 B - 4 scrolls of immolation
 C - 2 scrolls of fog
 E - 2 scrolls of magic mapping
 U - 3 scrolls of amnesia
Potions
 a - a potion of brilliance
 h - 3 potions of agility
 k - 4 potions of curing
 n - a potion of cancellation
 r - 3 potions of lignification
 N - a potion of mutation
 T - a potion of might
 W - 2 potions of cure mutation
Miscellaneous
 l - a box of beasts
 I - a box of beasts
Comestibles
 f - 7 meat rations
 i - a slice of pizza
 V - a beef jerky
 Y - 11 royal jellies


   Skills:
 - Level 10.7(9.8) Fighting
 - Level 5.0(4.2) Axes
 - Level 6.0(5.2) Dodging
 - Level 2.4(1.7) Stealth
 - Level 5.7(4.9) Shields
 - Level 10.1(9.2) Spellcasting
 + Level 12.5(11.6) Necromancy
 - Level 11.8(10.8) Invocations
 - Level 8.6(7.8) Evocations


You had 14 spell levels left.
You knew the following spells:

 Your Spells              Type           Power        Failure   Level  Hunger
a - Pain                  Necr           ####         1%          1    None
b - Vampiric Draining     Necr           ######....   1%          3    None
c - Animate Dead          Necr           N/A          1%          4    #......
d - Death Channel         Necr           ######....   3%          6    ######.
e - Beastly Appendage     Trmt           #.....       1%          1    None
f - Recall                Summ/Tloc      N/A          6%          3    None


Dungeon Overview and Level Annotations

Branches:
Dungeon (12/15)            Temple (1/1) D:6            Lair (7/8) D:9
  Swamp (0/4) Lair:5        Snake (0/4) Lair:4          Orc (2/2) D:9
    Elf (0/3) Orc:2
  Slime: Lair:6-8

Altars:
Ashenzari
Cheibriados
Dithmenos
Elyvilon
Fedhas
Gozag
Makhleb
Nemelex Xobeh
Okawaru
Pakellas
Qazlal
Ru
Trog
Vehumet
Xom
Zin
The Shining One
Beogh

Shops:
D:8 %   D:11 (   Orc:2 ?*%:

Annotations:
D:10 juanjsm's ghost, journeyman SpEn


Innate Abilities, Weirdness & Mutations

You are resistant to damage.
You can recharge devices by infusing magical energy.
You passively map the area around you.
You do not regenerate naturally.
You possess an exceptional clarity of mind.
Armour fits poorly on your strangely shaped body.
Your flesh is heat resistant.
Your magical capacity is low (-10% MP).
You occasionally shout uncontrollably at your foes.
Your spells are a little easier to cast, but a little less powerful.


Message History

You feel life coursing into your body.
The orc knight hits you with a great sword of draining!
You partially resist.
You feel drained.
Casting: Vampiric Draining
Confirm with . or Enter, or press ? or * to list all spells.
Aiming: Vampiric Draining
Press: ? - help, Shift-Dir - straight line, f/p - orc knight
Aim: an orc knight, wielding a great sword of draining and wearing a chain mail (lightly wounded)
The orc knight is moderately wounded.
You feel life coursing into your body.
The orc warrior hits you with a scimitar!
* * * LOW HITPOINT WARNING * * *
The orc knight hits you with a great sword of draining!
* * * LOW HITPOINT WARNING * * *
You partially resist.
You feel drained.
A demon appears!
You feel somewhat more hungry.
The orc warrior hits you with a scimitar!
* * * LOW HITPOINT WARNING * * *
The orc knight hits you with a great sword of draining!
You die...

, * * , ,, , ,
,*, #........#
, ,,, *
##........###
*, ,
....[......, ,
* *
..Y.Y...### ,
,* ..........,
, , , *
2Y.>..###** *
** *#oh......
, , , #@# , *
, * *
#o....... , ,,
, ,, ,
.....#... * *
, ,
*.#..###,,,,**
, * #.#..# * ,
, ** #,#..# *
,, ,.... ,, *
, * ,,, ,*
,##.# * , ,
*,, , , , *


You could see an orc knight, 3 yaks, an orc warrior, a howler monkey and a
friendly green death.

Vanquished Creatures
  Josephine (D:11)
  A hydra (Lair:1)
  Erica (D:11)
  3 orc high priests (Orc:2)
  2 unseen horrors (D:10)
  A hill giant (D:11)
  Pikel (D:4)
  A griffon (Lair:4)
  2 orc knights (Orc:1)
  An ugly thing (D:11)
  An orc sorcerer (Orc:1)
  Maurice (D:8)
  A cyclops (Orc:1)
  A manticore (D:10)
  Psyche (D:8)
  A black mamba (Lair:3)
  9 spiny frogs
  A gargoyle (D:10)
  A rime drake (Lair:7)
  4 komodo dragons
  2 trolls
  A polar bear (Lair:4)
  A two-headed ogre (D:8)
  A queen bee (Lair:5)
  9 blink frogs
  15 yaks
  A wyvern (D:7)
  Grum (D:8)
  A fire bat (Lair:5)
  2 basilisks
  A hungry ghost (D:7)
  3 hippogriffs
  7 wargs
  5 water moccasins
  3 porcupines
  2 hell hounds (D:9)
  12 orc warriors
  2 phantoms
  3 ice beasts (D:8)
  A slave (D:5)
  3 sky beasts
  5 ogres
  8 wolves
  7 crocodiles
  3 centaurs
  A big kobold (D:9)
  Blork the orc (D:4)
  13 giant frogs
  5 scorpions
  A water moccasin skeleton (D:5)
  28 killer bees
  A howler monkey (D:9)
  3 wights (D:8)
  3 electric eels (D:11)
  2 quasits
  4 crimson imps
  2 centaur zombies
  2 jellies
  A gnoll shaman (D:8)
  5 hounds
  Crazy Yiuf (D:4)
  2 giant frog skeletons
  24 orc priests
  2 centaur skeletons
  6 iguanas
  13 orc wizards
  3 hell rats (Lair:1)
  5 worker ants
  A killer bee zombie (D:11)
  3 sheep
  2 hound zombies
  A hound skeleton (D:5)
  Robin (D:3)
  A howler monkey zombie (D:7)
  A worker ant zombie (D:8)
  4 gnolls
  19 river rats
  8 adders
  2 shadow imps
  An ooze (D:1)
  3 adder skeletons
  A worm (D:2)
  4 dart slugs
  5 giant geckos
  64 orcs
  3 bats
  7 giant cockroaches
  12 goblins
  3 hobgoblins
  12 jackals
  14 kobolds
  11 quokkas
  2 ball pythons (D:2)
  4 giant newts
  A quokka zombie (D:6)
  13 rats
465 creatures vanquished.

Vanquished Creatures (collateral kills)
  Saint Roka (Orc:2)
  An orc warlord (Orc:2)
  2 hydras
  3 orc high priests (Orc:2)
  A fire crab (Lair:5)
  An orc sorcerer (Orc:2)
  A griffon (Lair:5)
  2 black mambas
  3 spiny frogs
  A centaur skeleton (D:11)
  3 komodo dragons
  3 rime drakes
  A polar bear (Lair:7)
  A two-headed ogre (Orc:2)
  5 blink frogs
  A spriggan (Lair:4)
  A wraith (D:11)
  13 yaks
  3 hippogriffs
  A basilisk (Lair:7)
  A hungry ghost (D:11)
  8 wargs (Orc:2)
  5 water moccasins
  2 porcupines
  A black bear (Lair:4)
  9 orc warriors (Orc:2)
  4 wolves (Lair:7)
  A centaur (Lair:4)
  A crocodile (Lair:2)
  4 giant frogs (Lair:6)
  2 killer bees (Lair:5)
  2 electric eels
  2 hounds (D:11)
  14 orc priests (Orc:2)
  2 orc wizards (Orc:2)
  An iguana (Lair:2)
  A hell rat (Lair:1)
  8 sheep
  3 river rats
  32 orcs
  7 fungi
  4 plants
162 creatures vanquished.

Vanquished Creatures (others)
  A warg (Orc:2)
  An orc priest (Orc:1)
  5 fungi
  9 plants
16 creatures vanquished.

Grand Total: 643 creatures vanquished

Notes
Turn   | Place    | Note
--------------------------------------------------------------
     0 | D:1      | tyranidshit the Deep Dwarf Necromancer began the quest for the Orb.
     0 | D:1      | Reached XP level 1. HP: 15/15 MP: 3/3
   263 | D:1      | Reached skill level 1 in Fighting
   263 | D:1      | Reached XP level 2. HP: 25/25 MP: 0/5
   717 | D:2      | Reached XP level 3. HP: 22/31 MP: 4/6
   876 | D:2      | Learned a level 3 spell: Vampiric Draining
   884 | D:2      | Found a sacrificial altar of Ru.
   884 | D:2      | Found a white marble altar of Elyvilon.
   912 | D:3      | Noticed a sky beast
   934 | D:3      | Noticed a centaur
  1218 | D:2      | Reached XP level 4. HP: 37/39 MP: 0/8
  1591 | D:3      | Killed a sky beast
  1591 | D:3      | Reached XP level 5. HP: 30/48 MP: 0/10
  1769 | D:4      | Noticed a slave
  1798 | D:4      | Found a glowing golden altar of the Shining One.
  1928 | D:4      | Got a translucent hand axe
  1931 | D:4      | Identified the +5 hand axe "Vaylow" {drain, rN+} (You found it on level 4 of the Dungeon)
  1995 | D:3      | Noticed Robin
  2000 | D:3      | Killed Robin
  2076 | D:3      | Killed a centaur
  2076 | D:3      | Reached XP level 6. HP: 31/57 MP: 1/12
  2134 | D:3      | Found a snail-covered altar of Cheibriados.
  2173 | D:3      | Found a radiant altar of Vehumet.
  2288 | D:4      | Gained mutation: Your body sometimes deteriorates upon taking damage. [potion of mutation]
  2288 | D:4      | Gained mutation: Your mind is acute. (Int +2) [potion of mutation]
  2288 | D:4      | Gained mutation: You possess an exceptional clarity of mind. [potion of mutation]
  2318 | D:4      | Noticed a slave
  2319 | D:4      | Noticed Pikel
  2319 | D:4      | Noticed a slave
  2320 | D:4      | Noticed a slave
  2367 | D:4      | Reached XP level 7. HP: 24/66 MP: 1/14
  2403 | D:4      | Noticed Blork the orc
  2411 | D:5      | Entered Level 5 of the Dungeon
  2455 | D:5      | Reached skill level 5 in Spellcasting
  2717 | D:5      | Reached skill level 5 in Fighting
  3109 | D:6      | Reached XP level 8. HP: 45/76 MP: 11/16
  3270 | D:6      | Found a staircase to the Ecumenical Temple.
  3279 | Temple   | Entered the Ecumenical Temple
  3303 | Temple   | Became a worshipper of Makhleb the Destroyer
  3600 | D:4      | Killed Pikel
  3622 | D:4      | Killed Blork the orc
  3749 | D:4      | Found a bloodstained altar of Trog.
  3791 | D:4      | Noticed Crazy Yiuf
  3799 | D:4      | Killed Crazy Yiuf
  3931 | D:7      | Gained mutation: You passively map the area around you. [Deep Dwarf growth]
  3931 | D:7      | Reached XP level 9. HP: 78/86 MP: 12/19
  4044 | D:7      | Found a shadowy altar of Dithmenos.
  4261 | D:7      | Found an opulent altar of Gozag.
  4315 | D:7      | Reached * piety under Makhleb
  4566 | D:8      | Noticed Grum
  4593 | D:8      | Killed Grum
  4649 | D:8      | Found a glowing golden altar of the Shining One.
  4839 | D:8      | Reached XP level 10. HP: 71/99 MP: 9/22
  4913 | D:8      | Noticed Psyche
  4927 | D:8      | Killed Psyche
  4966 | D:8      | Found Vaseasemp's Food Emporium.
  5033 | D:8      | Noticed Maurice
  5206 | D:8      | Reached ** piety under Makhleb
  5408 | D:8      | Killed Maurice
  5495 | D:9      | Reached skill level 10 in Fighting
  5587 | D:9      | Noticed a lindwurm
  5619 | D:9      | Noticed a lindwurm
  5621 | D:9      | Noticed a lindwurm
  5698 | D:9      | Found a staircase to the Lair.
  5863 | D:9      | Found a staircase to the Orcish Mines.
  6026 | D:9      | Reached *** piety under Makhleb
  6078 | D:9      | Reached skill level 10 in Spellcasting
  6166 | Lair:1   | Entered Level 1 of the Lair of Beasts
  6172 | Lair:1   | Learned a level 4 spell: Animate Dead
  6352 | Lair:1   | Found a labyrinth entrance.
  6383 | Lair:1   | Noticed a five-headed hydra
  6438 | Lair:1   | Reached skill level 1 in Invocations
  6495 | Lair:1   | Reached skill level 5 in Necromancy
  6666 | Lair:1   | Reached XP level 11. HP: 57/110 MP: 11/25
  6674 | Lair:1   | Killed a five-headed hydra
  6821 | Lair:1   | Reached **** piety under Makhleb
  6979 | Lair:1   | Noticed a six-headed hydra
  7001 | Lair:1   | Killed a six-headed hydra
  7033 | Lair:1   | Reached skill level 6 in Necromancy
  7268 | Lair:2   | Reached skill level 5 in Invocations
  7344 | Lair:2   | Lost mutation: Your mind is acute. (Int +2) [potion of cure mutation]
  7344 | Lair:2   | Lost mutation: Your body sometimes deteriorates upon taking damage. [potion of cure mutation]
  7344 | Lair:2   | Lost mutation: You possess an exceptional clarity of mind. [potion of cure mutation]
  7500 | Lair:2   | Reached skill level 7 in Necromancy
  7954 | Lair:2   | Reached skill level 8 in Necromancy
  8470 | Lair:3   | Reached skill level 9 in Necromancy
  8650 | Lair:4   | Noticed a seven-headed hydra
  8896 | Lair:4   | Found a staircase to the Snake Pit.
  8967 | Lair:4   | Reached XP level 12. HP: 66/118 MP: 6/26
  9110 | Lair:4   | Found a frozen archway.
  9305 | Lair:5   | Reached skill level 10 in Necromancy
  9305 | Lair:5   | Reached skill level 10 in Invocations
  9464 | Lair:5   | Found a staircase to the Swamp.
  9936 | Lair:5   | Reached ***** piety under Makhleb
 10248 | Lair:6   | Reached skill level 11 in Necromancy
 10338 | Lair:6   | Got a spiked chain mail
 10352 | Lair:6   | Identified the +7 chain mail of the Barnacle {Slay+2} (You found it on level 6 of the Lair of Beasts)
 10393 | Lair:6   | Reached skill level 1 in Shields
 10434 | Lair:6   | Noticed a five-headed hydra
 10440 | Lair:6   | Noticed a five-headed hydra
 10974 | Lair:7   | Reached skill level 5 in Dodging
 11120 | Lair:7   | Reached ****** piety under Makhleb
 11176 | Lair:7   | Noticed a death yak
 11177 | Lair:7   | Noticed a death yak
 11177 | Lair:7   | Noticed a death yak
 11177 | Lair:7   | Noticed a death yak
 11209 | Lair:6   | Noticed a six-headed hydra
 11282 | Lair:3   | Killed a six-headed hydra
 11282 | Lair:3   | Reached skill level 5 in Shields
 11938 | D:10     | Entered Level 10 of the Dungeon
 12123 | D:10     | Reached XP level 13. HP: 106/124 MP: 1/27
 12171 | D:10     | Noticed juanjsm's ghost (journeyman SpEn)
 12374 | D:10     | Reached skill level 1 in Axes
 12752 | Orc:1    | Entered Level 1 of the Orcish Mines
 13152 | Orc:2    | Entered Level 2 of the Orcish Mines
 13195 | Orc:2    | Noticed an orc warlord
 13212 | Orc:2    | Killed an orc warlord
 13212 | Orc:2    | Reached skill level 5 in Axes
 13325 | Orc:2    | Found a staircase to the Elven Halls.
 13332 | Orc:2    | Reached skill level 1 in Evocations
 13400 | Orc:2    | Noticed Saint Roka
 13516 | Orc:2    | Found a roughly hewn altar of Beogh.
 13675 | Orc:2    | Noticed a cacodemon
 13676 | Orc:2    | Gained mutation: Your magical capacity is low (-10% MP). [a cacodemon]
 13794 | Orc:2    | Noticed a balrug
 13870 | Orc:2    | Gained mutation: Your spells are a little easier to cast, but a little less powerful. [a cacodemon]
 13873 | Orc:2    | Gained mutation: You possess an exceptional clarity of mind. [a cacodemon]
 13876 | Orc:2    | Gained mutation: Your flesh is heat resistant. [a cacodemon]
 13882 | Orc:2    | Gained mutation: You occasionally shout uncontrollably at your foes. [a cacodemon]
 13885 | Orc:2    | Gained mutation: Armour fits poorly on your strangely shaped body. [a cacodemon]
 14423 | Orc:2    | Reached skill level 5 in Evocations
 14454 | Orc:2    | Killed Saint Roka
 14540 | Orc:2    | Found Egahel's Book Emporium.
 14540 | Orc:2    | Found Irepsiym's Food Boutique.
 14546 | Orc:2    | Found a roughly hewn altar of Beogh.
 14784 | Orc:2    | Found Waegoss's General Store.
 14784 | Orc:2    | Found Collep's Magic Scroll Boutique.
 14939 | Orc:2    | Bought a book of Unlife for 715 gold pieces
 14946 | Orc:2    | Learned a level 6 spell: Death Channel
 15011 | Orc:2    | Bought a scroll of acquirement for 728 gold pieces
 15021 | Orc:2    | Got a pair of encrusted boots
 15027 | Orc:2    | Identified the +2 pair of boots "Elierino" {-Tele Str+2 Int+6} (You acquired it on level 2 of the Orcish Mines)
 15065 | Orc:2    | Bought a book of Changes for 275 gold pieces
 15067 | Orc:2    | Learned a level 1 spell: Beastly Appendage
 15536 | Orc:1    | Learned a level 3 spell: Recall
 15641 | D:11     | Noticed Erica
 15660 | D:11     | Killed Erica
 15667 | D:11     | Reached skill level 12 in Necromancy
 15727 | D:11     | Found Giulu's Weapon Boutique.
 15821 | D:11     | Noticed Josephine
 15850 | D:11     | Killed Josephine
 15892 | D:12     | HP: 3/124 [orc warrior/scimitar[an orc knight] (9)]
 15892 | D:12     | Slain by an orc knight

Skill      XL: |  1  2  3  4  5  6  7  8  9 10 11 12 13 |
---------------+----------------------------------------+-----
Spellcasting   | 2 3 4 5 7 8 10 | 10.1
Fighting       | 1 2 3 4 5 7 9 10 | 10.7
Invocations    | 2 9 11 | 11.8
Necromancy     | 5 9 11 12 | 12.5
Shields        | 5 |  5.7
Dodging        | 5 6 |  6.0
Axes           | 5 |  5.0
Evocations     | 8 |  8.6
Stealth        | |  2.4

Action                   |  1- 3 |  4- 6 |  7- 9 | 10-12 | 13-15 || total
-------------------------+-------+-------+-------+-------+-------++-------
Melee: Club              |     9 |       |       |       |       ||     9
       Unarmed           |     1 |       |       |       |       ||     1
       Dagger            |    41 |    24 |       |       |       ||    65
       Hand axe          |       |    56 |   268 |   532 |   374 ||  1230
 Cast: Pain              |    47 |     9 |     2 |    49 |    32 ||   139
       Vampiric Draining |     2 |    17 |    74 |   316 |   129 ||   538
       Animate Dead      |       |       |       |    38 |    14 ||    52
       Death Channel     |       |       |       |       |     4 ||     4
Invok: Lesser Servant of |       |       |       |    12 |     2 ||    14
       Greater Servant o |       |       |       |       |     6 ||     6
 Abil: Device Recharging |       |       |       |       |     2 ||     2
Evoke: Wand              |     1 |     6 |     3 |    16 |    19 ||    45
       Phantom mirror    |       |       |       |       |     1 ||     1
  Use: Scroll            |     6 |     5 |     7 |    16 |     8 ||    42
       Potion            |       |     7 |     7 |     7 |     2 ||    23
 Stab: Sleeping          |     2 |     1 |     3 |     3 |       ||     9
       Distracted        |       |       |     1 |     4 |       ||     5
  Eat: Bread ration      |     1 |     1 |     4 |     5 |       ||    11
       Pizza             |       |       |       |     1 |       ||     1
       Royal jelly       |       |       |       |     1 |       ||     1
       Beef jerky        |       |       |       |     1 |       ||     1
       Meat ration       |       |       |       |       |     4 ||     4
Armor: Robe              |    26 |    27 |   117 |   330 |   232 ||   732
       Chain mail        |       |       |       |    35 |       ||    35
Dodge: Dodged            |    62 |    68 |   222 |   628 |   371 ||  1351
Block: Buckler           |    13 |    17 |   154 |   458 |   241 ||   883
       Reflection        |       |       |     1 |     2 |     8 ||    11
